 Dungeon Crawl Stone Soup version 0.27-a0-1456-gf5a116941d (webtiles) character file.

Game seed: 16843850536941015871

3 dickylongcocking the Skirmisher (level 1, -2/22 HPs)
             Began as a Djinni Wanderer on July 6, 2021.
             Slain by a quokka (4 damage)
             ... on level 1 of the Dungeon.
             The game lasted 00:00:25 (204 turns).

dickylongcocking the Skirmisher (Djinni Wanderer)    Turns: 204, Time: 00:00:25

Health: -2/22      AC:  2    Str: 11    XL:     1   Next: 55%
Gold:   8          EV: 11    Int: 15    God:
                   SH:  0    Dex: 10

rFire    + + .     SeeInvis .   d - +0 great sword
rCold    x . .     Faith    .   (shield currently unavailable)
rNeg     . . .     Spirit   .   b - +0 robe
rPois    ∞         Reflect  .   (no helmet)
rElec    .         Harm     .   (no cloak)
rCorr    .         Rampage  .   (no gloves)
Will     .....                  (boots unavailable)
Stlth    +.........             (no amulet)
HPRegen  0.07/turn              (no ring)
MPRegen  0.00/turn              (no ring)

@: flying
A: sickness immunity, fire resistance 2, cold vulnerability 1, float, innate
caster, hp casting, extra vitality 1
a: no special abilities


You were on level 1 of the Dungeon.
You visited 1 branch of the dungeon, and saw 1 of its levels.

You collected 8 gold pieces.

Inventory:

Hand Weapons
 a - a +2 short sword
 d - a +0 great sword (weapon)
Armour
 b - a +0 robe (worn)
Scrolls
 c - a scroll of enchant armour {unknown}
 f - a scroll of fear {unknown}
Potions
 e - a potion of haste {unknown}


   Skills:
 + Level 5.0 Fighting
 + Level 1.9 Short Blades
 + Level 0.1(1.1) Long Blades
 + Level 1.0 Throwing
 + Level 1.0 Stealth
 + Level 1.0 Shields


You couldn't memorise any spells.
You knew the following spells:

 Your Spells              Type           Power      Damage    Failure   Level
a - Sting                 Tmut/Pois      0%         1d3       26%         1
b - Summon Guardian Gole  Hex/Summ       0%         N/A       63%         3
c - Mephitic Cloud        Conj/Pois/Air  0%         N/A       63%         3
d - Corona                Hex            0%         N/A       26%         1

Your spell library contained the following spells:

 Spells                   Type           Power      Damage    Failure   Level


Dungeon Overview and Level Annotations

Branches:
Dungeon (1/15)

Altars:


Innate Abilities, Weirdness & Mutations

You are immune to sickness and miasma.
You are immune to poison.
Your flesh is very heat resistant. (rF++)
You are vulnerable to cold. (rC-)
You float through the air rather than walking.
You learn spells naturally, not from books.
Your magical power is your life essence.
You have superior vitality. (+4 HP)


Message History

The quokka barely misses you.
You closely miss the quokka.
The quokka bites you but does no damage.
The quokka barely misses you.
You hit the quokka but do no damage. The quokka misses you.
The quokka bites you.
You barely miss the quokka. The quokka bites you. The quokka misses you.
A quokka is nearby!
You are too injured to fight recklessly!
A quokka is nearby!
You are too injured to fight recklessly!
You barely miss the quokka. The quokka misses you. The quokka bites you.
You closely miss the quokka. The quokka closely misses you.
The quokka bites you.
You closely miss the quokka. The quokka bites you.
* * * LOW HITPOINT WARNING * * *
The quokka misses you.
You closely miss the quokka.
The quokka bites you but does no damage.
The quokka barely misses you.
You miss the quokka. The quokka bites you.
* * * LOW HITPOINT WARNING * * *
The quokka misses you.
Unknown command.
Casting: Sting (safe; 26% risk of failure)
Confirm with . or Enter, or press ? or * to list all spells.
You don't have enough health to cast this spell.
Unknown command.
Unknown command.
Unknown command.
Casting: Sting (safe; 26% risk of failure)
Confirm with . or Enter, or press ? or * to list all spells.
You don't have enough health to cast this spell.
Unknown command.
Unknown command.
The quokka bites you but does no damage.
You miss the quokka.
The quokka bites you but does no damage.
The quokka bites you.
You die...

........ ... ... #..#
.......# #.# ... #..#
..#.#..# #.# ##.# #..#
....#..# #.# ..# #†.#
......>###.#####.# #..#
.................###..#
.......###............#
.###.#.##........r...##
.# #.#†##..#####@#####
.###.......# #.#
.##.#.###..# #.#
...##.# #..# #.#
###.#.##.#.# #.#
##....###. ... ####..#
## #.# .#... ..# # ##


You could see a quokka.

Vanquished Creatures
  A goblin (D:1)
  A ball python (D:1)
  2 bats (D:1)
4 creatures vanquished.

Notes
Turn   | Place    | Note
-------+----------+-------------------------------------------
     0 | D:1      | dickylongcocking the Djinni Wanderer began the quest for
                  | the Orb.
     0 | D:1      | Reached XP level 1. HP: 22/22 MP: 0/0
   197 | D:1      | HP: 1/22 [quokka (2)]
   204 | D:1      | Slain by a quokka

Illustrated notes

Levels and vault maps discovered:
D:1:      sevenhm_arrival_forest_fort_small_3, layout_loops_ring, serial_forest,
          infiniplex_forest_straight_2, infiniplex_forest_clump_long,
          infiniplex_forest_clump_double, infiniplex_forest_straight_2,
          infiniplex_forest_end_2, infiniplex_forest_clump_curved,
          infiniplex_forest_end_2

Action                   || total
-------------------------++-------
Melee: Great sword       ||    18
 Cast: Sting             ||     1
       Corona            ||     1
Armor: Robe              ||    17
Dodge: Dodged            ||    26
       Rpst.: Great sword ||     4

Table legend: (Time is in decaauts)
 A = Elapsed time spent in this place.
 B = Non-inter-level travel time spent in this place.
 C = Inter-level travel time spent in this place.
 D = Time resting spent in this place.
 E = Time spent auto-exploring this place.
 F = Levels seen in this place.
 G = Mean time per level.
                   A        B        C        D        E       F      G
               +--------+--------+--------+--------+--------+-----+--------+
         Total |    214 |    214 |      0 |      0 |    142 |   1 |  214.0 |
       Dungeon |    214 |    214 |      0 |      0 |    142 |   1 |  214.0 |
               +--------+--------+--------+--------+--------+-----+--------+

Top non-repeatable levels by time:
     D:1: 214 daAuts
